TOP OF THE 1ST |
Vancouver Vipers batting - Pitching for Albuquerque Isotopes : LHP Rick Wilson
|
Pitching: LHP Rick Wilson
|
|
Batting: RHB David Canseco
|
0-0: Swinging Strike 0-1: Ball 1-1: Ball 2-1: Foul Ball, location: 2F 2-2: Ball 3-2: Base on Balls
|
Batting: RHB Steve Bender
|
0-0: Foul Ball, location: 2F 0-1: 2-RUN HOME RUN (Flyball, 78XD), Distance : 409 ft
|
Batting: RHB Daniel Robert
|
0-0: Called Strike 0-1: Foul Ball, location: 2F 0-2: Ball 1-2: Ball 2-2: SINGLE (Flyball, 78S)
|
Batting: SHB Henry Copeland
|
0-0: Ball 1-0: Called Strike 1-1: Ball 2-1: Swinging Strike 2-2: Grounds into double play, 5-4-3 (Groundball, 56)
|
Batting: LHB Benny Richard
|
0-0: Ball 1-0: Called Strike 1-1: Ball 2-1: Ball 3-1: Base on Balls
|
Batting: RHB Ryan Parrish
|
0-0: Foul Ball, location: 2F 0-1: Foul Ball, location: 2F 0-2: Ball 1-2: Ball 2-2: Ball 3-2: DOUBLE (Groundball, 5L) Benny Richard to third Benny Richard scores
|
Batting: LHB Mike Williams
|
0-0: Ball 1-0: Called Strike 1-1: Foul Ball, location: 2F 1-2: Strikes out looking
|
Top of the 1st over - 3 run(s), 3 hit(s), 0 error(s), 1 left on base; Vancouver 3 - Albuquerque 0 |
BOTTOM OF THE 1ST |
Albuquerque Isotopes batting - Pitching for Vancouver Vipers : RHP Ben Evans
|
Pitching: RHP Ben Evans
|
|
Batting: RHB Gonzalo Gil
|
0-0: Swinging Strike 0-1: Ground out 1-3 (Groundball, 13)
|
Batting: RHB Sam Wallace
|
0-0: Ball 1-0: Ball 2-0: Ball 3-0: Called Strike 3-1: Foul Ball, location: 2F 3-2: Foul Ball, location: 2F 3-2: Base on Balls
|
Batting: LHB Fernando Ortíz
|
0-0: Ball 1-0: Foul Ball, location: 2F 1-1: Ball 2-1: Ball 3-1: SINGLE (Flyball, 7S) Sam Wallace to second
|
Batting: RHB Will Lott
|
0-0: Ball 1-0: Called Strike 1-1: Called Strike 1-2: Fly out, F8 (Flyball, 8RXD) Runner from 2nd tags up, SAFE at 3rd, no throw
|
Batting: LHB José González
|
0-0: Ball 1-0: Foul Ball, location: 2F 1-1: Ball 2-1: Ball 3-1: Foul Ball, location: 2F 3-2: DOUBLE (Line Drive, 9LM) Sam Wallace scores Fernando Ortíz to third Fernando Ortíz scores
|
Batting: RHB Arturo García
|
0-0: Ball 1-0: Ball 2-0: 2-RUN HOME RUN (Flyball, 7D), Distance : 361 ft
|
Batting: LHB Héctor Soto
|
0-0: Ball 1-0: Foul Ball, location: 2F 1-1: Ball 2-1: Foul Ball, location: 2F 2-2: Foul Ball, location: 2F 2-2: Ball 3-2: Foul Ball, location: 2F 3-2: Strikes out swinging
|
Bottom of the 1st over - 4 run(s), 3 hit(s), 0 error(s), 0 left on base; Vancouver 3 - Albuquerque 4 |
TOP OF THE 2ND |
Vancouver Vipers batting - Pitching for Albuquerque Isotopes : LHP Rick Wilson
|
Batting: RHB Luis Sáenz
|
0-0: Ball 1-0: Ball 2-0: Ball 3-0: Called Strike 3-1: Called Strike 3-2: Base on Balls
|
Batting: RHB Axel Guimont
|
0-0: Ball 1-0: Reached on error, E4 (Groundball, 4) Luis Sáenz to second
|
Batting: RHB David Canseco
|
0-0: Ball 1-0: Fly out, F6 (Popup, 6MD)
|
Batting: RHB Steve Bender
|
0-0: Called Strike 0-1: Foul Ball, location: 2F 0-2: Ball 1-2: Ball 2-2: Ball 3-2: Foul Ball, location: 2F 3-2: Base on Balls Luis Sáenz to third Axel Guimont to second
|
Batting: RHB Daniel Robert
|
0-0: Ball 1-0: Ball 2-0: Grounds into double play, 5-4-3 (Groundball, 56)
|
Top of the 2nd over - 0 run(s), 0 hit(s), 1 error(s), 2 left on base; Vancouver 3 - Albuquerque 4 |
BOTTOM OF THE 2ND |
Albuquerque Isotopes batting - Pitching for Vancouver Vipers : RHP Ben Evans
|
Batting: RHB Jesse McKnight
|
0-0: Called Strike 0-1: Swinging Strike 0-2: Ball 1-2: SINGLE (Line Drive, 8LS)
|
Batting: LHB Héctor Cruz
|
0-0: Called Strike 0-1: Ball 1-1: Called Strike 1-2: Foul Ball, location: 2F 1-2: Foul Ball, location: 2F 1-2: Foul Ball, location: 2F 1-2: Ball 2-2: SINGLE (Groundball, 34D) Jesse McKnight to second Jesse McKnight to third
|
Batting: RHB Gonzalo Gil
|
0-0: Called Strike 0-1: Called Strike 0-2: Strikes out swinging
|
Batting: RHB Sam Wallace
|
0-0: Foul Ball, location: 2F 0-1: Called Strike 0-2: Ball 1-2: Ball 2-2: SINGLE (Flyball, 7S) Jesse McKnight scores Héctor Cruz to second
|
Batting: LHB Fernando Ortíz
|
0-0: Swinging Strike 0-1: Ball 1-1: Called Strike 1-2: Fly out, F9 (Flyball, 9D) Runner from 2nd tags up, SAFE at 3rd, no throw
|
Batting: RHB Will Lott
|
0-0: Called Strike 0-1: Ball 1-1: Called Strike 1-2: Ball 2-2: Fielders Choice at 2nd, 5-4 (Groundball, 5)
|
Bottom of the 2nd over - 1 run(s), 3 hit(s), 0 error(s), 1 left on base; Vancouver 3 - Albuquerque 5 |
TOP OF THE 3RD |
Vancouver Vipers batting - Pitching for Albuquerque Isotopes : LHP Rick Wilson
|
Batting: SHB Henry Copeland
|
0-0: Ball 1-0: Ball 2-0: Called Strike 2-1: Foul Ball, location: 2F 2-2: SINGLE (Groundball, 34D)
|
Batting: LHB Benny Richard
|
0-0: Foul Ball, location: 2F 0-1: SINGLE (Flyball, 8RS) Henry Copeland to second Runner from 2nd tries for 3rd, SAFE, throw made to third
|
Batting: RHB Ryan Parrish
|
0-0: Ball 1-0: Ball 2-0: Ball 3-0: Base on Balls Benny Richard to second
|
Batting: LHB Mike Williams
|
0-0: Called Strike 0-1: Ball 1-1: Ball 2-1: Ball 3-1: Swinging Strike 3-2: Foul Ball, location: 2F 3-2: Base on Balls Henry Copeland scores Benny Richard to third Ryan Parrish to second
|
Batting: RHB Luis Sáenz
|
0-0: Ball 1-0: Called Strike 1-1: Grounds into double play, 3-6-4 (Groundball, 34) Benny Richard scores Ryan Parrish to third
|
Batting: RHB Axel Guimont
|
0-0: Called Strike 0-1: Foul Ball, location: 2F 0-2: Ball 1-2: Ball 2-2: Ball 3-2: Strikes out swinging
|
Top of the 3rd over - 2 run(s), 2 hit(s), 0 error(s), 1 left on base; Vancouver 5 - Albuquerque 5 |
BOTTOM OF THE 3RD |
Albuquerque Isotopes batting - Pitching for Vancouver Vipers : RHP Ben Evans
|
Batting: LHB José González
|
0-0: Ball 1-0: Ball 2-0: Called Strike 2-1: SOLO HOME RUN (Flyball, 9D), Distance : 371 ft
|
Pitching: RHP Sergio Romo
|
|
Batting: RHB Arturo García
|
0-0: Ball 1-0: Ball 2-0: Ball 3-0: Base on Balls
|
Batting: LHB Héctor Soto
|
0-0: Foul Ball, location: 2F 0-1: Called Strike 0-2: Ball 1-2: Grounds into double play, 4-6-3 (Groundball, 34)
|
Batting: RHB Jesse McKnight
|
0-0: Called Strike 0-1: Swinging Strike 0-2: Ball 1-2: Strikes out looking
|
Bottom of the 3rd over - 1 run(s), 1 hit(s), 0 error(s), 0 left on base; Vancouver 5 - Albuquerque 6 |
TOP OF THE 4TH |
Vancouver Vipers batting - Pitching for Albuquerque Isotopes : LHP Rick Wilson
|
Batting: RHB David Canseco
|
0-0: Ball 1-0: Ball 2-0: Called Strike 2-1: Ball 3-1: SINGLE (Line Drive, 6MD)
|
Batting: RHB Steve Bender
|
0-0: Ball 1-0: Called Strike 1-1: Grounds into double play, 6-4-3 (Groundball, 6)
|
Batting: RHB Daniel Robert
|
0-0: Ball 1-0: SINGLE (Groundball, 56S) (infield hit)
|
Batting: SHB Henry Copeland
|
0-0: Swinging Strike 0-1: Ball 1-1: Foul Ball, location: 2F 1-2: Ball 2-2: Ball 3-2: Base on Balls Daniel Robert to second
|
Batting: LHB Benny Richard
|
0-0: Called Strike 0-1: Ball 1-1: Swinging Strike 1-2: Ball 2-2: Foul Ball, location: 2F 2-2: Strikes out swinging
|
Top of the 4th over - 0 run(s), 2 hit(s), 0 error(s), 2 left on base; Vancouver 5 - Albuquerque 6 |
BOTTOM OF THE 4TH |
Albuquerque Isotopes batting - Pitching for Vancouver Vipers : RHP Sergio Romo
|
Batting: LHB Héctor Cruz
|
0-0: Ball 1-0: Ground out 4-3 (Groundball, 4)
|
Batting: RHB Gonzalo Gil
|
0-0: Ball 1-0: Fly out, F8 (Flyball, 8RM)
|
Batting: RHB Sam Wallace
|
0-0: Ball 1-0: DOUBLE (Line Drive, 3D)
|
Batting: LHB Fernando Ortíz
|
0-0: Foul Ball, location: 2F 0-1: Foul Ball, location: 2F 0-2: Ball 1-2: Ball 2-2: Ball 3-2: Base on Balls
|
Batting: RHB Will Lott
|
0-0: Ball 1-0: 3-RUN HOME RUN (Flyball, 89XD), Distance : 405 ft
|
Pitching: RHP José González
|
|
Batting: LHB José González
|
0-0: Ball 1-0: Called Strike 1-1: Ball 2-1: Called Strike 2-2: Strikes out swinging
|
Bottom of the 4th over - 3 run(s), 2 hit(s), 0 error(s), 0 left on base; Vancouver 5 - Albuquerque 9 |
TOP OF THE 5TH |
Vancouver Vipers batting - Pitching for Albuquerque Isotopes : LHP Rick Wilson
|
Pitching: RHP Rafael Trujillo
|
|
Batting: RHB Ryan Parrish
|
0-0: Called Strike 0-1: Foul Ball, location: 2F 0-2: Foul Ball, location: 2F 0-2: Strikes out swinging
|
Batting: LHB Mike Williams
|
0-0: Ball 1-0: Ball 2-0: Ball 3-0: Called Strike 3-1: Foul Ball, location: 2F 3-2: Base on Balls
|
Batting: RHB Luis Sáenz
|
0-0: Called Strike 0-1: Foul Ball, location: 2F 0-2: Ball Mike Williams steals 2nd base 1-2: Ball 2-2: Ball 3-2: Foul Ball, location: 2F 3-2: Strikes out swinging
|
Batting: RHB Axel Guimont
|
0-0: Called Strike 0-1: Ball 1-1: Ball 2-1: Foul Ball, location: 2F 2-2: Ball 3-2: Strikes out swinging
|
Top of the 5th over - 0 run(s), 0 hit(s), 0 error(s), 1 left on base; Vancouver 5 - Albuquerque 9 |
BOTTOM OF THE 5TH |
Albuquerque Isotopes batting - Pitching for Vancouver Vipers : RHP José González
|
Batting: RHB Arturo García
|
0-0: Called Strike 0-1: Called Strike 0-2: Foul Ball, location: 2F 0-2: Ball 1-2: Strikes out swinging
|
Batting: LHB Héctor Soto
|
0-0: Ball 1-0: Foul Ball, location: 2F 1-1: Swinging Strike 1-2: Strikes out looking
|
Batting: RHB Jesse McKnight
|
0-0: Ball 1-0: Ground out 5-3 (Groundball, 56S)
|
Bottom of the 5th over - 0 run(s), 0 hit(s), 0 error(s), 0 left on base; Vancouver 5 - Albuquerque 9 |
TOP OF THE 6TH |
Vancouver Vipers batting - Pitching for Albuquerque Isotopes : RHP Rafael Trujillo
|
Batting: RHB David Canseco
|
0-0: Ball 1-0: Ball 2-0: Called Strike 2-1: Ground out 4-3 (Groundball, 4M)
|
Batting: RHB Steve Bender
|
0-0: Ball 1-0: Ball 2-0: Ball 3-0: Called Strike 3-1: Base on Balls
|
Batting: RHB Daniel Robert
|
0-0: Called Strike 0-1: Foul Ball, location: 2F 0-2: Fly out, F9 (Flyball, 9)
|
Batting: SHB Henry Copeland
|
0-0: Foul Ball, location: 2F 0-1: Fly out, F6 (Line Drive, 6MD)
|
Top of the 6th over - 0 run(s), 0 hit(s), 0 error(s), 1 left on base; Vancouver 5 - Albuquerque 9 |
BOTTOM OF THE 6TH |
Albuquerque Isotopes batting - Pitching for Vancouver Vipers : RHP José González
|
Batting: LHB Héctor Cruz
|
0-0: Foul Ball, location: 2F 0-1: Ground out U3 (Groundball, 34)
|
Batting: RHB Gonzalo Gil
|
0-0: Ball 1-0: Ball 2-0: Called Strike 2-1: SOLO HOME RUN (Flyball, 78XD), Distance : 411 ft
|
Batting: RHB Sam Wallace
|
0-0: Ball 1-0: Called Strike 1-1: Swinging Strike 1-2: Ground out 5-3 (Groundball, 56)
|
Batting: LHB Fernando Ortíz
|
0-0: SINGLE (Line Drive, 9S)
|
Batting: RHB Will Lott
|
0-0: Called Strike 0-1: Fly out, F9 (Flyball, 89D)
|
Bottom of the 6th over - 1 run(s), 2 hit(s), 0 error(s), 1 left on base; Vancouver 5 - Albuquerque 10 |
TOP OF THE 7TH |
Vancouver Vipers batting - Pitching for Albuquerque Isotopes : RHP Rafael Trujillo
|
Batting: LHB Benny Richard
|
0-0: Ball 1-0: Called Strike 1-1: Fly out, F8 (Flyball, 8LM)
|
Batting: RHB Ryan Parrish
|
0-0: Ball 1-0: Foul Ball, location: 2F 1-1: Called Strike 1-2: Foul Ball, location: 2F 1-2: Ball 2-2: Foul Ball, location: 2F 2-2: SINGLE (Line Drive, 7LS)
|
Batting: LHB Mike Williams
|
0-0: Called Strike 0-1: Ball 1-1: Called Strike 1-2: Ball 2-2: Foul Ball, location: 2F 2-2: Foul Ball, location: 2F 2-2: Ball 3-2: Foul Ball, location: 2F 3-2: Base on Balls Ryan Parrish to second
|
Pitching: LHP John Knight
|
|
Batting: RHB Luis Sáenz
|
0-0: Ball 1-0: Swinging Strike 1-1: Swinging Strike 1-2: Strikes out swinging
|
Batting: RHB Axel Guimont
|
0-0: Called Strike 0-1: Ball 1-1: Ball 2-1: Foul Ball, location: 2F 2-2: Ball 3-2: Base on Balls Ryan Parrish to third Mike Williams to second
|
Batting: RHB David Canseco
|
0-0: Ball 1-0: Fielders Choice at 2nd, 6-4 (Groundball, 6)
|
Top of the 7th over - 0 run(s), 1 hit(s), 0 error(s), 2 left on base; Vancouver 5 - Albuquerque 10 |
BOTTOM OF THE 7TH |
Albuquerque Isotopes batting - Pitching for Vancouver Vipers : RHP José González
|
Batting: LHB José González
|
0-0: Called Strike 0-1: Reached on error, E1 (Groundball, 13)
|
Batting: RHB Arturo García
|
0-0: Ball 1-0: Ball 2-0: DOUBLE (Line Drive, 7D) José González to third
|
Batting: LHB Héctor Soto
|
0-0: Ball 1-0: Swinging Strike 1-1: Foul Ball, location: 2F 1-2: Ball 2-2: Foul Ball, location: 2F 2-2: Ball 3-2: Base on Balls
|
Pitching: RHP Don Barnes
|
|
Batting: RHB Jesse McKnight
|
0-0: Swinging Strike 0-1: Ball 1-1: SINGLE (Groundball, 4M) (infield hit) José González scores Arturo García to third Héctor Soto to second
|
Batting: LHB Héctor Cruz
|
0-0: Ball 1-0: Ball 2-0: Called Strike 2-1: Fly out, F4 (Line Drive, 4)
|
Batting: RHB Gonzalo Gil
|
0-0: Swinging Strike 0-1: Swinging Strike 0-2: Ball 1-2: Ball 2-2: Ball 3-2: Base on Balls Arturo García scores Héctor Soto to third Jesse McKnight to second
|
Batting: RHB Sam Wallace
|
0-0: Ball 1-0: Ball 2-0: Ball 3-0: Called Strike 3-1: Base on Balls Héctor Soto scores Jesse McKnight to third Gonzalo Gil to second
|
Batting: LHB Fernando Ortíz
|
0-0: Swinging Strike 0-1: Ball 1-1: Swinging Strike 1-2: Ball 2-2: Ball 3-2: Base on Balls Jesse McKnight scores Gonzalo Gil to third Sam Wallace to second
|
Batting: RHB Will Lott
|
0-0: Ball 1-0: Ball 2-0: Ball 3-0: Base on Balls Gonzalo Gil scores Sam Wallace to third Fernando Ortíz to second
|
Batting: LHB José González
|
0-0: Ball 1-0: Ball 2-0: Ball 3-0: Called Strike 3-1: Base on Balls Sam Wallace scores Fernando Ortíz to third Will Lott to second
|
Pitching: RHP Bob Martin
|
|
Batting: RHB Arturo García
|
0-0: Ball 1-0: Foul Ball, location: 2F 1-1: Foul Ball, location: 2F 1-2: Foul Ball, location: 2F 1-2: Ball 2-2: Fly out, F8 (Flyball, 8RXD) Runner from 3rd tags up, SCORES, no throw Will Lott to third
|
Batting: LHB Héctor Soto
|
0-0: Called Strike 0-1: Ball 1-1: Called Strike 1-2: Ball 2-2: Ball 3-2: Foul Ball, location: 2F 3-2: Fly out, F9 (Flyball, 9)
|
Bottom of the 7th over - 7 run(s), 2 hit(s), 1 error(s), 2 left on base; Vancouver 5 - Albuquerque 17 |
TOP OF THE 8TH |
Vancouver Vipers batting - Pitching for Albuquerque Isotopes : LHP John Knight
|
Batting: RHB Steve Bender
|
0-0: Called Strike 0-1: SINGLE (Groundball, 34D)
|
Batting: RHB Daniel Robert
|
0-0: Ball 1-0: Ball 2-0: Ball 3-0: Base on Balls Steve Bender to second
|
Batting: SHB Henry Copeland
|
0-0: Ball 1-0: Foul Ball, location: 2F 1-1: Swinging Strike 1-2: Strikes out swinging
|
Batting: LHB Benny Richard
|
0-0: Ball 1-0: Fly out, F8 (Flyball, 8LS)
|
Batting: RHB Ryan Parrish
|
0-0: Foul Ball, location: 2F 0-1: Fielders Choice at 2nd, 5-4 (Groundball, 56)
|
Top of the 8th over - 0 run(s), 1 hit(s), 0 error(s), 1 left on base; Vancouver 5 - Albuquerque 17 |
BOTTOM OF THE 8TH |
Albuquerque Isotopes batting - Pitching for Vancouver Vipers : RHP Bob Martin
|
Batting: RHB Jesse McKnight
|
0-0: Called Strike 0-1: Swinging Strike 0-2: Ball 1-2: Strikes out looking
|
Batting: LHB Héctor Cruz
|
0-0: Ball 1-0: Ball 2-0: Ball 3-0: Called Strike 3-1: Foul Ball, location: 2F 3-2: Base on Balls
|
Batting: RHB Gonzalo Gil
|
0-0: Called Strike 0-1: Ball 1-1: Ball 2-1: SINGLE (Line Drive, 78M) Héctor Cruz to second
|
Batting: RHB Sam Wallace
|
0-0: Ball 1-0: Called Strike 1-1: Ball 2-1: Ball 3-1: DOUBLE (Flyball, 89M) Héctor Cruz scores Gonzalo Gil to third
|
Batting: LHB Fernando Ortíz
|
0-0: Fly out, F4 (Popup, 4D)
|
Batting: RHB Will Lott
|
0-0: Ball 1-0: Called Strike 1-1: Ground out 1-3 (Groundball, 13)
|
Bottom of the 8th over - 1 run(s), 2 hit(s), 0 error(s), 2 left on base; Vancouver 5 - Albuquerque 18 |
TOP OF THE 9TH |
Vancouver Vipers batting - Pitching for Albuquerque Isotopes : LHP John Knight
|
Now at 2B: Raúl Bauza
|
|
Now at SS: Luis Martínez
|
|
Batting: LHB Mike Williams
|
0-0: Called Strike 0-1: Swinging Strike 0-2: Ball 1-2: Ball 2-2: DOUBLE (Line Drive, 78D)
|
Batting: RHB Luis Sáenz
|
0-0: Ball 1-0: SINGLE (Flyball, 6MD) Mike Williams to third Runner from 3rd tries for Home, SAFE, no throw
|
Pinch Hitting: RHB Marvin Workman
|
0-0: Foul Ball, location: 2F 0-1: Fielders Choice at 2nd, 1-4 (Groundball, 15S)
|
Batting: RHB David Canseco
|
0-0: Reached on error, E5 (Groundball, 5S) Marvin Workman to second
|
Batting: RHB Steve Bender
|
0-0: Called Strike 0-1: SINGLE (Groundball, 56D) Marvin Workman to third David Canseco to second
|
Batting: RHB Daniel Robert
|
0-0: Foul Ball, location: 2F 0-1: Ball 1-1: Ball 2-1: Ball 3-1: GRAND SLAM HOME RUN (Flyball, 78XD), Distance : 398 ft
|
Pitching: RHP Steve Snyder
|
|
Batting: SHB Henry Copeland
|
0-0: Called Strike 0-1: Swinging Strike 0-2: Strikes out looking
|
Batting: LHB Benny Richard
|
0-0: Ball 1-0: Ball 2-0: Called Strike 2-1: DOUBLE (Line Drive, 89D)
|
Batting: RHB Ryan Parrish
|
0-0: Called Strike 0-1: Ball 1-1: Foul Ball, location: 2F 1-2: Strikes out swinging
|
Top of the 9th over - 5 run(s), 5 hit(s), 1 error(s), 1 left on base; Vancouver 10 - Albuquerque 18 |
|